AoeStats
← SirMcMustard

Yucatan

503129889Analyzed
2v2 RM · 11d ago on Aug 30, 2026· 53m 17s· 4 players
Game mode
Random Map
Map size
Medium (4 player)
Population
200
Speed
Normal
Resources
Standard
Victory
Conquest
Starting age
Dark Age
Ending age
Imperial Age
RankedLock teamsTeams togetherTeam positionsShared explorationLock speedFull tech treeHidden civsTurbo modeCheats
Victory
Defeat
🇧🇧 Spanish · Barbados
762
+32
🇺🇸 Aztecs · United States
717
+17
🇫🇷 Inca · France
734
-16
🇫🇷 Teutons · France
732
-16
SirMcMustard
10:13 Loom
12:44 Feudal Age
15:41 Wheelbarrow
16:22 Double-Bit Axe
16:18 Horse Collar
17:37 Champi Runner
18:31 Forging
18:21 Scale Mail Armor
25:38 Castle Age
23:26 Town Watch
27:22 Iron Casting
27:03 Chain Mail Armor
28:13 Squires
28:26 Champi Warrior
32:03 Hand Cart
33:22 Bow Saw
32:55 Horse Collar
33:08 Gold Mining
35:13 Heavy Plow
35:05 Fletching
36:21 Arson
36:45 Stone Mining
37:32 Thumb Ring
38:18 Padded Archer Armor
46:24 Andean Sling
Mothedeterre
12:27 Feudal Age
19:41 Castle Age
18:22 Double-Bit Axe
18:56 Loom
24:06 Forging
29:05 Elite Skirmisher
30:28 Iron Casting
29:55 Scale Mail Armor
31:01 Wheelbarrow
30:42 Bow Saw
30:21 Town Watch
32:23 Horse Collar
34:01 Padded Archer Armor
34:17 Chain Mail Armor
38:45 Imperial Age
36:44 Guard Tower
37:52 Heavy Plow
39:50 Ballistics
39:53 Conscription
40:53 Elite Teutonic Knight
42:19 Plate Mail Armor
43:29 Cavalier
50:08 Blast Furnace
49:25 Leather Archer Armor
49:00 Fletching
49:34 Crossbowman
53:40 Two-Man Saw
pickardit
0:37 Loom
12:17 Feudal Age
16:54 Castle Age
16:43 Horse Collar
16:51 Double-Bit Axe
17:48 Pikeman
18:32 Heavy Plow
21:31 Man-at-Arms
23:18 Eagle Warrior
24:26 Long Swordsman
26:13 Scale Mail Armor
28:32 Chain Mail Armor
30:41 Bow Saw
33:25 Wheelbarrow
36:56 Imperial Age
34:33 Gambesons
34:49 Squires
34:35 Arson
35:04 Forging
35:29 Atlatl
36:17 Ballistics
36:50 Iron Casting
36:04 Elite Skirmisher
37:05 Elite Jaguar Warrior
38:14 Garland Wars
38:00 Capped Ram
39:10 Conscription
39:38 Siege Ram
42:07 Plate Mail Armor
42:46 Blast Furnace
42:10 Two-Handed Swordsman
46:45 Fletching
46:55 Padded Archer Armor
50:18 Siege Engineers
51:15 Chemistry
52:53 Crop Rotation
54:03 Hand Cart
53:35 Town Watch
53:16 Spies/Treason
Badmankilla
11:06 Feudal Age
9:54 Loom
11:54 Double-Bit Axe
19:33 Fletching
24:20 Forging
31:16 Castle Age
29:08 Horse Collar
32:23 Wheelbarrow
36:42 Bodkin Arrow
37:11 Hand Cart
38:27 Bow Saw
44:59 Fishing Lines
45:50 Gillnets
46:16 Medium Warships
48:22 Murder Holes
48:48 Ballistics
49:02 Stone Mining
49:05 Gold Mining
51:59 Heavy Plow
Connection lost

Rejoining the realm…

Still unreachable

The connection could not be restored.

Session expired

The server has moved on; the page needs a fresh start.